 Dungeon Crawl Stone Soup version 0.31.0-32-g396128a36d (webtiles) character file.

Game seed: 16742850384804825320

2326 zxspectator the Trooper (level 9, -5/57 HPs)
             Began as a Gargoyle Fighter on Mar 25, 2024.
             Was an Initiate of Gozag.
             Slain by a juvenile batweird beast (10 damage)
             ... on level 7 of the Dungeon.
             The game lasted 00:19:25 (6437 turns).

zxspectator the Trooper (Gargoyle Fighter)          Turns: 6437, Time: 00:19:26

Health: -5/57      AC: 24    Str: 22    XL:     9   Next: 42%
Magic:  11/11      EV:  6    Int: 11    God:    Gozag
Gold:   378        SH:  5    Dex:  9    Spells: 10/10 levels left

rFire   . . .        a - +0 war axe
rCold   . . .        c - +0 buckler
rNeg    + . .        y - +0 plate armour
rPois   ∞            m - +0 helmet
rElec   +            B - +0 cloak
rCorr   .            t - +0 pair of gloves
SInv    .            f - +0 pair of boots
Will    .....        (no amulet) Stlth
                     (no ring)
HPRegen 0.29/turn    (no ring)
MPRegen 0.12/turn

%: no passive effects
@: gold aura
A: sickness immunity, AC +6, negative energy resistance 1, electricity
resistance, torment resistance 1, petrification resistance
a: Renounce Religion, Potion Petition, Call Merchant, Bribe Branch


You were on level 7 of the Dungeon.
You worshipped Gozag.
Gozag was aware of your devotion.
You visited 2 branches of the dungeon, and saw 8 of its levels.

You collected 496 gold pieces.
You paid 118 gold pieces to Gozag.

Inventory:

Hand Weapons
 a - a +0 war axe (weapon)
 b - a +1 heavy flail
 s - a +0 halberd
Missiles
 r - 12 poisoned darts (quivered)
 C - a boomerang
Armour
 c - a +0 buckler (worn)
 f - a +0 pair of boots (worn)
 m - a +0 helmet (worn)
 t - a +0 pair of gloves (worn)
 y - a +0 plate armour (worn)
 B - a +0 cloak (worn)
Wands
 n - a wand of flame (15)
Scrolls
 e - 6 scrolls of fog {unknown}
 h - a scroll of amnesia {unknown}
 k - a scroll of torment {unknown}
 l - a scroll of vulnerability {unknown}
 o - 4 scrolls of identify {unknown}
 p - a scroll of teleportation {unknown}
 q - 2 scrolls of acquirement {unknown}
 u - 2 scrolls of enchant armour {unknown}
 w - 2 scrolls of poison {unknown}
 x - 2 scrolls of immolation {unknown}
 z - a scroll of fear {unknown}
 A - a scroll of revelation {unknown}
Potions
 d - 2 potions of might
 g - 3 potions of curing {unknown}
 i - a potion of ambrosia {unknown}
 j - 3 potions of resistance {unknown}
 v - a potion of lignification {unknown}
 D - a potion of heal wounds {unknown}


   Skills:
 + Level 7.3 Fighting
 + Level 6.0 Axes
 + Level 7.2 Armour
 + Level 7.3 Shields
 - Level 1.3 Spellcasting
 - Level 1.9 Earth Magic


You had 10 spell levels left.
You didn't know any spells.
Your spell library contained the following spells:

 Spells                   Type           Power      Damage    Failure   Level
 Necrotise                Necr           0%         1d4       99%         1
 Vampiric Draining        Necr           0%         2d6       100%        3
 Martyr's Knell           Necr/Summ      0%         N/A       100%        4
 Curse of Agony           Necr           0%         N/A       100%        5


Dungeon Overview and Level Annotations

Branches:
Dungeon (7/15)             Temple (1/1) D:6

Altars:
Ashenzari
Cheibriados
Dithmenos
Elyvilon
Fedhas
Gozag
Hepliaklqana
Kikubaaqudgha
Makhleb
Nemelex Xobeh
Okawaru
Qazlal
Sif Muna
Trog
Uskayaw
Vehumet
Wu Jian
Yredelemnul
The Shining One

Shops:
D:3 *


Innate Abilities, Weirdness & Mutations

You are immune to sickness and miasma.
Your stone body is resilient. (AC +6)
You are immune to poison.
You resist negative energy. (rN+)
You are resistant to electric shocks. (rElec)
You are resistant to unholy torment.
You are immune to petrification.


Message History

The blast of flame hits you!
You block the larval weirdsting beast's attack.
The larval oxsting beast barely misses you.
The juvenile batweird beast loses its grip on you.
The larval weirdsting beast stings you but does no damage.
The larval oxsting beast stings you but does no damage.
The larval shockox beast bursts into living lightning!
The living lightning hits you. You resist.
The living lightning hits the larval shockbat beast.
The larval shockbat beast resists.
The larval shockbat beast dies!
The larval shockox beast blinks!
Your Axes skill increases to level 6!
The juvenile batweird beast hits you but does no damage.
The juvenile batweird beast grabs you.
The juvenile batweird beast constricts you.
* * * LOW HITPOINT WARNING * * *
The juvenile batweird beast loses its grip on you.
The larval weirdsting beast attacks as it pursues you!
You block the larval weirdsting beast's attack.
The larval oxsting beast attacks as it pursues you!
The larval oxsting beast stings you but does no damage.
The larval shockox beast bursts into living lightning!
The living lightning misses you.
The larval shockox beast blinks!
The juvenile batweird beast hits you!
* * * LOW HITPOINT WARNING * * *
The juvenile batweird beast grabs you.
The juvenile batweird beast constricts you.
* * * LOW HITPOINT WARNING * * *
The juvenile batweird beast loses its grip on you.
The larval fireox beast barely misses you. x2
The larval oxsting beast attacks as it pursues you!
The larval oxsting beast stings you but does no damage.
You barely miss the juvenile batweird beast.
The juvenile batweird beast is moderately wounded.
You hit the larval shockox beast but do no damage.
You completely miss the larval fireox beast.
The juvenile batweird beast hits you!
You die...
Your body crumbles into a pile of gold.

.....#####.##...
#
#...............
##.
#.#####.##.....#
#..# #.######<.
#...## #.######..
#.....##
#.........
.#.....#
#.#######.
.#..#.H.#### #.#
.
......H@...####.#
.
......H.........#
.......HH.§######
### ....}.......#
#.. ............#
#.# ..........!##
#.# ...........#
#######.#
..#...##..##
#........ ....
!..# #.####.##


You could see 5 mutant beasts.

Vanquished Creatures
  Pikel (D:4)
  A wyvern (D:7)
  An orc warrior (D:7)
  A centaur (D:5)
  3 scorpions
  A kobold brigand (D:7)
  A bullfrog (D:7)
  A howler monkey (D:6)
  2 bombardier beetles
  A quasit (D:6)
  4 hounds
  A gnoll bouda (D:4)
  3 orc priests
  Crazy Yiuf (D:6)
  3 orc wizards
  5 iguanas
  Robin (D:4)
  25 gnolls
  6 adders
  3 shadow imps (D:6)
  2 white imps (D:6)
  6 ufetubi (D:6)
  2 dart slugs
  2 ribbon worms
  11 orcs
  7 ball pythons
  8 endoplasms
  3 giant cockroaches
  14 goblins
  5 hobgoblins
  4 jackals (D:2)
  3 quokkas
  2 bats
  4 frilled lizards
  7 kobolds
  2 rats
147 creatures vanquished.

Vanquished Creatures (others)
  Jeremiah (D:6)
  A mutant beast (D:7)
  An ufetubus (D:6)
3 creatures vanquished.

Grand Total: 150 creatures vanquished

Notes
Turn   | Place    | Note
-------+----------+-------------------------------------------
     0 | D:1      | zxspectator the Gargoyle Fighter began the quest for the
                  | Orb.
     0 | D:1      | Reached XP level 1. HP: 14/14 MP: 1/1
   114 | D:1      | Reached XP level 2. HP: 19/19 MP: 2/2
   173 | D:1      | Reached XP level 3. HP: 20/23 MP: 3/3
   424 | D:1      | Found a faded altar of an unknown god.
   717 | D:2      | Reached XP level 4. HP: 29/29 MP: 4/4
   856 | D:2      | Reached skill level 1 in Earth Magic
  1142 | D:2      | Reached skill level 1 in Spellcasting
  1148 | D:2      | Reached XP level 5. HP: 10/33 MP: 6/6
  1744 | D:3      | Found Erghepeq's General Store.
  2177 | D:3      | Reached XP level 6. HP: 35/38 MP: 8/8
  2474 | D:4      | Found an iron altar of Okawaru.
  2609 | D:4      | Noticed Pikel
  2643 | D:4      | Killed Pikel
  2644 | D:4      | Reached skill level 5 in Fighting
  2644 | D:4      | Reached skill level 5 in Armour
  2644 | D:4      | Reached skill level 5 in Shields
  2644 | D:4      | Reached XP level 7. HP: 9/44 MP: 9/9
  2994 | D:4      | Noticed Robin
  3028 | D:4      | Killed Robin
  3179 | D:5      | Entered Level 5 of the Dungeon
  3206 | D:4      | Reached XP level 8. HP: 26/50 MP: 10/10
  3665 | D:5      | Found a broken altar of Ashenzari.
  3923 | D:5      | Found a shadowy altar of Dithmenos.
  4396 | D:6      | Reached skill level 5 in Axes
  4899 | D:6      | Noticed Jeremiah
  4912 | D:6      | Killed Jeremiah
  4917 | D:6      | Found a staircase to the Ecumenical Temple.
  4926 | Temple   | Entered the Ecumenical Temple
  4971 | Temple   | Became a worshipper of Gozag Ym Sagoz the Greedy
  5012 | D:6      | Reached XP level 9. HP: 56/56 MP: 11/11
  5133 | D:6      | Found a stormy altar of Qazlal.
  5196 | D:6      | Found a runed translucent door.
  5197 | D:6      | Noticed Crazy Yiuf
  5460 | D:6      | Killed Crazy Yiuf
  6428 | D:7      | Noticed a juvenile batweird beast
  6437 | D:7      | Slain by a juvenile batweird beast

Illustrated notes

Levels and vault maps discovered:
D:1:      moated_graveyard_arrival, layout_rooms,
          shapermc_ecumenical_altar_acropolis
D:2:      layout_basic, serial_rivers, chequers_serial_rivers_micro_b,
          chequers_serial_rivers_micro_c, chequers_serial_rivers_large_a,
          chequers_serial_rivers_micro_b, chequers_serial_rivers_room_b
D:3:      layout_basic, serial_shops, shop,
          wander_ebering_terrifying_dragon_lair
D:4:      layout_basic, mainiacjoe_overflow_cross_hatched, uniq_pikel,
          uniq_robin
D:5:      layout_basic, kennysheep_mini, lemuel_tele_altar
D:6:      layout_rooms, nicolae_overflow_hidden_temple,
          lemuel_temple_firewalk_a, serial_demonic, serial_demonic_a,
          serial_demonic_e, serial_demonic_d, serial_demonic_f,
          dk_noncrumbling_3, grunt_ministairs_13, lightli_corner_chamber,
          uniq_crazy_yiuf_cottage, uniq_jeremiah
D:7:      layout_loops_ring, nicolae_beast_mode
Temple:   regret_index_temple_waves

Skill      XL: |  1  2  3  4  5  6  7  8  9 |
---------------+----------------------------+-----
Axes           | 2 3 4 5 6 |  6.0
Earth Magic    | 1 |  1.9
Spellcasting   | 1 |  1.3
Fighting       | 4 5 6 7 |  7.3
Armour         | 4 5 6 7 |  7.2
Shields        | 4 5 6 7 |  7.3

Action                     |  1- 3 |  4- 6 |  7- 9 || total
---------------------------+-------+-------+-------++-------
  Melee: War axe           |    74 |   155 |   365 ||   594
 Armour: Scale mail        |    71 |   120 |   121 ||   312
         Plate armour      |       |       |   375 ||   375
  Dodge: Dodged            |    38 |    72 |   193 ||   303
  Block: Buckler           |    12 |    29 |   124 ||   165
